 Dungeon Crawl Stone Soup version 0.16-a0-2930-gdd371d7 (webtiles) character file.

1661 Malachi the Shield-Bearer (level 8, -3/65 HPs)
             Began as a Demonspawn Fighter on Nov 26, 2014.
             Was an Initiate of Ru.
             Slain by a four-headed hydra (4 damage)
             ... on level 7 of the Dungeon on Dec 2, 2014.
             The game lasted 00:17:52 (5536 turns).

Malachi the Shield-Bearer (Demonspawn Fighter)      Turns: 5536, Time: 00:17:53

Health: -3/65      AC: 23    Str: 25    XL:     8   Next: 69%
Magic:  8/8        EV:  6    Int: 14    God:    Ru [......]
Gold:   406        SH: 11    Dex: 17    Spells: 0 memorised, 7 levels left

rFire  . . .     SeeInvis .     a - +1 flail
rCold  . . .     Clarity  .     O - +7 chain mail of Incorporation {Str+2 Int+3}
rNeg   . . .     SustAb   .     c - +0 shield
rPois  .         Gourm    .     H - +0 helmet
rElec  .         Spirit   .     K - +0 cloak
rCorr  .         Warding  .     g - +1 pair of gloves
rMut   .         Stasis   .     (no boots)
MR     .....                    (no amulet)
Stlth  ..........               (no ring)
                                A - +5 ring of dexterity

@: mighty, not resistant to hostile enchantments, extremely unstealthy
A: rugged brown scales 2, rot immunity
a: Sacrifice Essence, Sacrifice Words, Sacrifice Courage, Reject Sacrifices,
Renounce Religion


You were on level 7 of the Dungeon.
You worshipped Ru.
Ru was noncommittal.
You were not hungry.

You visited 2 branches of the dungeon, and saw 8 of its levels.

You collected 406 gold pieces.

Inventory:

Hand weapons
 a - a +1 flail (weapon)
 l - a +2 spear of piercing
 w - a +0 blowgun
 y - a +3 mace
 M - the +3 whip "Goblin's Demise" {freeze, +Fly Stlth+}
   (You found it on level 6 of the Dungeon)

   It has been specially enchanted to freeze those struck by it, causing extra
   injury to most foes and up to double damage against particularly susceptible
   opponents.
   It can also slow down cold-blooded creatures.
   It lets you fly.
   It makes you more stealthy.
Missiles
 x - 35 poisoned needles
 F - 3 javelins of penetration (quivered)
Armour
 c - a +0 shield (worn)
 g - a +1 pair of gloves (worn)
 t - a +0 chain mail
 B - the +2 ring mail of Yredelemnul's Outrage {rPois rCorr}
   (You found it on level 4 of the Dungeon)

   It protects you from poison.
   It protects you from acid and corrosion.
 H - a +0 helmet (worn)
 K - a +0 cloak (worn)
 O - the +7 chain mail of Incorporation (worn) {Str+2 Int+3}
   (You found it on level 7 of the Dungeon)

   It affects your strength (+2).
   It affects your intelligence (+3).
Jewellery
 A - a +5 ring of dexterity (left hand)
Magical devices
 Q - a wand of polymorph (2)
Scrolls
 b - a scroll of magic mapping {unknown}
 h - a scroll of fog {unknown}
 i - 3 scrolls of recharging
 n - 7 scrolls of identify
 p - 3 scrolls of enchant weapon
 I - a scroll of torment {unknown}
 J - a scroll of amnesia
 P - a scroll of teleportation {unknown}
Potions
 f - 3 potions of agility
 j - 3 potions of heal wounds
 k - 2 potions of flight {unknown}
 q - 3 potions of curing
 r - 2 potions of haste {unknown}
 s - 2 potions of restore abilities {unknown}
 u - 4 potions of brilliance {unknown}
 v - 2 potions of beneficial mutation {unknown}
 E - a potion of berserk rage {unknown}
 G - a potion of cure mutation {unknown}
 N - a potion of poison {unknown}
Books
 C - a book of Beasts

   Spells                             Type                      Level
   a - Summon Butterflies             Summoning                    1
   b - Call Canine Familiar           Summoning                    3
   c - Summon Ice Beast               Ice/Summoning                4
   d - Summon Mana Viper              Hexes/Summoning              5
   e - Monstrous Menagerie            Summoning                    6
   f - Summon Hydra                   Summoning                    7
 D - a book of Clouds

   Spells                             Type                      Level
   a - Mephitic Cloud                 Conjuration/Poison/Air       3
   b - Conjure Flame                  Conjuration/Fire             3
   c - Poisonous Cloud                Conjuration/Poison/Air       6
   d - Freezing Cloud                 Conjuration/Ice/Air          6
   e - Ring of Flames                 Charms/Fire                  7
Comestibles
 d - 4 bread rations
 m - 2 slices of pizza
 o - 3 meat rations
 z - 5 fruits


   Skills:
 + Level 5.3 Fighting
 + Level 4.1 Maces & Flails
 + Level 0.3 Throwing
 + Level 4.2 Armour
 + Level 5.3 Dodging
 + Level 6.1 Shields


You had 7 spell levels left.
You didn't know any spells.

Dungeon Overview and Level Annotations

Branches:
Dungeon (7/15)             Temple (1/1) D:5

Altars:
Ashenzari
Cheibriados
Dithmenos
Elyvilon
Fedhas
Kikubaaqudgha
Makhleb
Nemelex Xobeh
Okawaru
Qazlal
Ru
Sif Muna
Trog
Vehumet
Xom
Yredelemnul
Zin
The Shining One


Innate Abilities, Weirdness & Mutations

You are mostly covered in rugged brown scales (AC +2, +5% HP).
You are immune to rotting.


Message History

The four-headed hydra bites you.
* * * LOW HITPOINT WARNING * * *
You see here a hound skeleton.
The four-headed hydra bites you but does no damage.
The four-headed hydra bites you.
* * * LOW HITPOINT WARNING * * *
You block the four-headed hydra's attack.
The four-headed hydra bites you but does no damage.
Things that are here:
a club; a hippogriff skeleton; a hobgoblin skeleton Read which item? (? for menu, Esc to quit)
As you read the scroll labeled RUONKO WUAVUHOL, it crumbles to dust.
You speak a Word of immense power!
You are blasted by holy energy!
* * * LOW HITPOINT WARNING * * *
It was a scroll of holy word.
The four-headed hydra bites you.
* * * LOW HITPOINT WARNING * * *
The four-headed hydra bites you but does no damage.
You block the four-headed hydra's attack.
The four-headed hydra bites you.
You die...

##.#######........#.....#..$..#..
..............###.#.###.#B###.#.#
...####.####......#((((.#..|..#..
#### #.# ##..).(...#.....#.....
#######.######...###.#.###.#.###.
....##...............#.....#.....
.##.##..########(...B...#.....#..
........# #÷D..###.#.###.#.#
.#...#..# #@#......#(....#..
..###...# #(##..(........... ..#
#..## #.###.÷........... ..###..#
#######.........(....... .#...#.#
#...............########
.......###.#########.###.########
.##........# #.# #..)......
...<######## #.# ########## ..##
#.#


You could see a four-headed hydra and a goliath beetle.

Vanquished Creatures
  A hippogriff (D:7)
  A sky beast (D:5)
  2 centaurs
  A phantom (D:7)
  An orc warrior (D:6)
  An ogre (D:5)
  A giant frog (D:6)
  A scorpion (D:6)
  2 jellies
  3 wights (D:7)
  A goliath beetle (D:6)
  3 crimson imps
  A centaur skeleton (D:6)
  5 hounds
  An orc priest (D:7)
  A giant frog zombie (D:7)
  An orc wizard (D:4)
  An iguana (D:6)
  2 worker ants
  Ijyb (D:6)
  A worker ant zombie (D:5)
  6 adders
  3 gnolls
  A river rat (D:6)
  A shadow imp (D:6)
  A giant mite (D:3)
  2 worms
  A goblin zombie (D:6)
  4 giant geckos
  14 orcs
  13 bats
  3 bat skeletons
  6 giant cockroaches
  10 hobgoblins
  14 jackals
  12 kobolds
  An ooze (D:1)
  5 quokkas
  4 ball pythons
  A ball python skeleton (D:6)
  A giant cockroach zombie (D:6)
  2 giant newts (D:1)
  12 goblins
  A quokka skeleton (D:4)
  9 rats
  A butterfly (D:5)
160 creatures vanquished.

Notes
Turn   | Place    | Note
--------------------------------------------------------------
     0 | D:1      | Malachi, the Demonspawn Fighter, began the quest for the Orb.
     0 | D:1      | Reached XP level 1. HP: 18/18 MP: 1/1
   139 | D:1      | Gained mutation: You are immune to rotting. [demonic ancestry]
   139 | D:1      | Reached XP level 2. HP: 17/24 MP: 2/2
   498 | D:1      | Reached skill level 1 in Dodging
   582 | D:1      | Gained mutation: You are partially covered in rugged brown scales (AC +1, +3% HP). [demonic ancestry]
   582 | D:1      | Reached XP level 3. HP: 21/29 MP: 3/3
  1562 | D:3      | Reached XP level 4. HP: 38/38 MP: 4/4
  2579 | D:4      | Got a bloodstained ring mail
  2589 | D:4      | Identified the +2 ring mail of Yredelemnul's Outrage {rPois rCorr} (You found it on level 4 of the Dungeon)
  2681 | D:4      | Gained mutation: You are mostly covered in rugged brown scales (AC +2, +5% HP). [demonic ancestry]
  2681 | D:4      | Reached XP level 5. HP: 38/44 MP: 5/5
  3107 | D:4      | Found a deep blue altar of Sif Muna.
  3128 | D:5      | Entered Level 5 of the Dungeon
  3418 | D:5      | Found a staircase to the Ecumenical Temple.
  3429 | D:5      | Reached skill level 4 in Fighting
  3435 | Temple   | Entered the Ecumenical Temple
  3538 | Temple   | Became a worshipper of Ru the Awakened
  3592 | D:5      | Found a white marble altar of Elyvilon.
  3599 | D:5      | Reached XP level 6. HP: 50/50 MP: 6/6
  3643 | D:5      | Noticed a sky beast
  3660 | D:5      | Killed a sky beast
  3769 | D:5      | Noticed a yak
  3923 | D:5      | Reached XP level 7. HP: 53/57 MP: 7/7
  3942 | D:5      | Noticed an ogre
  3954 | D:5      | Killed an ogre
  4340 | D:6      | Noticed Ijyb
  4354 | D:6      | Killed Ijyb
  4560 | D:6      | Reached skill level 5 in Shields
  4584 | D:6      | Got a faintly glowing whip
  4585 | D:6      | Identified the cursed +3 whip "Goblin's Demise" {freeze, +Fly Stlth+} (You found it on level 6 of the Dungeon)
  5000 | D:6      | Reached XP level 8. HP: 64/64 MP: 8/8
  5144 | Temple   | Upgraded the game from 0.16-a0-2736-g1697cd3 to 0.16-a0-2930-gdd371d7
  5189 | D:7      | Reached skill level 5 in Fighting
  5278 | D:7      | Reached skill level 5 in Dodging
  5362 | D:7      | Got a polished chain mail
  5373 | D:7      | Identified the +7 chain mail of Incorporation {Str+2 Int+3} (You found it on level 7 of the Dungeon)
  5450 | D:7      | Reached skill level 6 in Shields
  5504 | D:7      | Noticed a four-headed hydra
  5536 | D:7      | HP: 1/65 [four-headed hydra (5)]
  5536 | D:7      | Slain by a four-headed hydra

Action                   |  1- 3 |  4- 6 |  7- 9 || total
-------------------------+-------+-------+-------++-------
Melee: Flail             |   161 |    57 |    19 ||   237
       Mace              |       |   142 |   123 ||   265
       Whip              |       |       |   170 ||   170
 Fire: Blowgun           |       |       |     2 ||     2
Throw: Javelin           |       |       |     3 ||     3
Evoke: Wand              |       |       |     2 ||     2
  Use: Scroll            |     5 |     3 |     2 ||    10
       Potion            |       |     3 |     2 ||     5
 Stab: Sleeping          |       |       |     2 ||     2
  Eat: Chunk             |     2 |     8 |     6 ||    16
